 Dungeon Crawl Stone Soup version 0.29-a0-557-g43b9904bd1 (webtiles) character file.

Game seed: 17981087456250671366

448 ptdevnull the Skirmisher (level 7, -2/75 HPs)
             Began as an Ogre Necromancer on June 8, 2022.
             Was an Initiate of Ashenzari.
             Slain by Duvessa
             ... wielding a +0 short sword
              (8 damage)
             ... on level 5 of the Dungeon.
             The game lasted 00:10:48 (4517 turns).

ptdevnull the Skirmisher (Ogre Necromancer)         Turns: 4517, Time: 00:10:49

Health: -2/75      AC:  3    Str: 15    XL:     7   Next: 3%
Magic:  1/19       EV:  9    Int: 16    God:    Ashenzari [......]
Gold:   209        SH:  0    Dex:  9    Spells: 2/10 levels left

rFire   . . .      SeeInvis +   x - +0 trident
rCold   . . .      Faith    .   (no shield)
rNeg    . . .      Spirit   .   a - +0 robe
rPois   .          Reflect  .   (helmet restricted)
rElec   .          Harm     .   (no cloak)
rCorr   .          Rampage  .   (gloves unavailable)
Will    .....                   (boots unavailable)
Stlth   +.........              (no amulet)
HPRegen 0.22/turn               c - ring of see invisible
MPRegen 0.16/turn               g - ring of magical power

@: animating dead
A: large, unfitting armour, tough skin 1
a: Renounce Religion, Curse Item


You were on level 5 of the Dungeon.
You worshipped Ashenzari.
Ashenzari was noncommittal.
You visited 1 branch of the dungeon, and saw 5 of its levels.

You collected 209 gold pieces.

Inventory:

Hand Weapons
 d - a +0 dagger
 x - a +0 trident (weapon)
Missiles
 q - 4 silver javelins
 u - 3 large rocks
Armour
 a - a +0 robe (worn)
Jewellery
 c - a ring of see invisible (left hand)
 g - a ring of magical power (right hand)
 t - a ring of flight
Scrolls
 f - 4 scrolls of identify {unknown}
 j - 2 scrolls of amnesia {unknown}
 k - a scroll of fog {unknown}
 l - a scroll of teleportation {unknown}
 m - a scroll of acquirement {unknown}
 n - a scroll of torment {unknown}
 p - 2 scrolls of poison {unknown}
 r - a scroll of noise {unknown}
 v - a scroll of enchant armour {unknown}
 w - a scroll of enchant weapon {unknown}
 y - a scroll of fear {unknown}
Potions
 b - a potion of magic
 e - a potion of brilliance {unknown}
 h - a potion of resistance {unknown}
 i - 3 potions of lignification {unknown}
 o - a potion of attraction {unknown}
 s - a potion of heal wounds {unknown}


   Skills:
 - Level 6.0 Fighting
 - Level 1.7 Dodging
 - Level 1.4 Stealth
 - Level 2.4 Spellcasting
 + Level 6.0 Necromancy


You had 2 spell levels left.
You knew the following spells:

 Your Spells              Type           Power      Damage    Failure   Level
a - Necrotize             Necr           84%        1d8       1%          1
b - Vampiric Draining     Necr           21%        2d7       4%          3
c - Animate Dead          Necr           21%        N/A       16%         4

Your spell library contained the following spells:

 Spells                   Type           Power      Damage    Failure   Level
 Agony                    Necr           21%        N/A       41%         5


Dungeon Overview and Level Annotations

Branches:
Dungeon (5/15)             Temple (0/1) D:4

Altars:
Ashenzari
Vehumet

Shops:
D:3 (

Annotations:
D:5 Dowan, Duvessa


Innate Abilities, Weirdness & Mutations

You are too large for most types of armour.
You have tough skin. (AC +1)


Message History

Duvessa completely misses you.
Unknown command.
Duvessa struggles to resist.
Duvessa hits you with a +0 short sword.
Your orc zombie hits Duvessa but does no damage.
Your orc zombie misses Dowan.
Unknown command.
Duvessa struggles to resist.
Duvessa hits you with a +0 short sword.
Your orc zombie misses Duvessa.
Dowan hits your orc zombie with a +0 dagger.
Duvessa hits you with a +0 short sword.
Unknown command.
Duvessa writhes in agony.
Your orc zombie hits Dowan but does no damage.
Duvessa hits you with a +0 short sword.
Your orc zombie barely misses Duvessa.
Dowan hits your orc zombie with a +0 dagger.
Unknown command.
You are too injured to fight recklessly!
Unknown command.
You barely miss Duvessa.
Duvessa is severely wounded.
Duvessa barely misses you.
Your orc zombie closely misses Dowan.
Duvessa hits you with a +0 short sword! Dowan casts a spell at you.
The puff of flame hits your orc zombie!
Your orc zombie is destroyed!
Your orc zombie barely misses Duvessa.
You hit Duvessa but do no damage.
Duvessa is severely wounded.
Duvessa hits you with a +0 short sword!
* * * LOW HITPOINT WARNING * * *
Duvessa hits you with a +0 short sword!
* * * LOW HITPOINT WARNING * * *
Your orc zombie closely misses Duvessa.
You closely miss Duvessa.
Duvessa is severely wounded.
Duvessa hits you with a +0 short sword.
* * * LOW HITPOINT WARNING * * *
Dowan casts a spell.
Dowan blinks!
Duvessa hits you with a +0 short sword!
You die...

#............#
#............# #
#..........# ###
#......)...# ###..
#........# ###...#
#.......# ###...###
#?.Z§.# ###...### #
##.)e## ###..>###
....####@####...###
#...e.#.....##
#####...###..##
##.)# ###.# #..#
### #..# #..# ##.#
#.#


You could see Duvessa (fast, ally target), Dowan and a friendly orc zombie.

Vanquished Creatures
  A scorpion (D:4)
  2 necrophages (D:4)
  3 orc priests
  2 orc wizards
  3 adders
  3 worms
  12 orcs
  8 endoplasms
  3 giant cockroaches
  7 hobgoblins
  9 jackals
  3 quokkas
  6 ball pythons
  A bat (D:1)
  4 frilled lizards
  4 goblins
  7 kobolds
  8 rats
86 creatures vanquished.

Vanquished Creatures (collateral kills)
  An endoplasm (D:3)
  A giant cockroach (D:1)
  A bat (D:1)
3 creatures vanquished.

Vanquished Creatures (others)
  An orc zombie (D:5)
1 creature vanquished.

Grand Total: 90 creatures vanquished

Notes
Turn   | Place    | Note
-------+----------+-------------------------------------------
     0 | D:1      | ptdevnull the Ogre Necromancer began the quest for the Orb.
     0 | D:1      | Reached XP level 1. HP: 16/16 MP: 3/3
    92 | D:1      | Reached skill level 1 in Fighting
   172 | D:1      | Reached XP level 2. HP: 28/28 MP: 0/5
   662 | D:1      | Reached XP level 3. HP: 37/37 MP: 6/6
   970 | D:2      | Found a radiant altar of Vehumet.
  1852 | D:3      | Reached XP level 4. HP: 49/49 MP: 7/7
  1856 | D:3      | Learned a level 3 spell: Vampiric Draining
  1913 | D:3      | Reached skill level 5 in Fighting
  1925 | D:3      | Reached XP level 5. HP: 18/59 MP: 5/8
  2335 | D:3      | Found Wykaaw's Weapon Emporium.
  2387 | D:3      | Found a faded altar of an unknown god.
  2600 | D:3      | Found a broken altar of Ashenzari.
  2730 | D:3      | Became a worshipper of Ashenzari the Shackled
  3237 | D:4      | Learned a level 4 spell: Animate Dead
  3300 | D:4      | Found a staircase to the Ecumenical Temple.
  3450 | D:4      | Reached XP level 6. HP: 67/67 MP: 9/9
  3700 | D:4      | Reached skill level 5 in Necromancy
  4432 | D:5      | Entered Level 5 of the Dungeon
  4496 | D:5      | Noticed Dowan
  4499 | D:5      | Reached XP level 7. HP: 75/75 MP: 10/10
  4499 | D:5      | Noticed Duvessa
  4517 | D:5      | Slain by Duvessa

Illustrated notes

Levels and vault maps discovered:
D:1:      dpeg_arrival_triangle_fractal, layout_rooms, minmay_split_cup_small
D:2:      minmay_recursive_quarters, layout_basic, basic_altar
D:3:      layout_loops_cross, ashenzari_conservatory_becter, serial_shops,
          nicolae_diamond_shop, shapermc_ecumenical_altar_ellora
D:4:      layout_loops_ring, temple_doors_e
D:5:      layout_cave_pods, lemuel_mausoleum_altar_kikubaaqudgha, uniq_duvessa

Skill      XL: |  1  2  3  4  5  6 |
---------------+-------------------+-----
Fighting       | 2 3 4 5 6 |  6.0
Necromancy     | 4 6 |  6.0
Dodging        | |  1.7
Stealth        | |  1.4
Spellcasting   | |  2.4

Action                   |  1- 3 |  4- 6 |  7- 9 || total
-------------------------+-------+-------+-------++-------
Melee: Unarmed           |     9 |       |       ||     9
       Dagger            |    17 |       |       ||    17
       Trident           |       |    22 |     3 ||    25
       Punch             |       |     2 |       ||     2
 Cast: Necrotize         |    77 |    96 |    13 ||   186
       Vampiric Draining |       |     2 |       ||     2
       Animate Dead      |       |       |     1 ||     1
 Stab: Distracted        |     1 |       |       ||     1
Armor: Robe              |    13 |     8 |       ||    21
Dodge: Dodged            |    17 |    13 |     5 ||    35

Table legend: (Time is in decaauts)
 A = Elapsed time spent in this place.
 B = Non-inter-level travel time spent in this place.
 C = Inter-level travel time spent in this place.
 D = Time resting spent in this place.
 E = Time spent auto-exploring this place.
 F = Levels seen in this place.
 G = Mean time per level.
                   A        B        C        D        E       F      G
               +--------+--------+--------+--------+--------+-----+--------+
         Total |   4521 |   4356 |    165 |    443 |   3264 |   5 |  904.2 |
       Dungeon |   4521 |   4356 |    165 |    443 |   3264 |   5 |  904.2 |
               +--------+--------+--------+--------+--------+-----+--------+

Top non-repeatable levels by time:
     D:4: 1351 daAuts
     D:3: 1251 daAuts
     D:2: 1079 daAuts
     D:1: 753 daAuts
     D:5: 85 daAuts
